 Dungeon Crawl Stone Soup version 0.30.1-1-g62c8e00024 (webtiles) character file.

Game seed: 6574746034788928868

1974 monsoonserge the Protected (level 9, -8/79 HPs)
             Began as a Meteoran Cinder Acolyte on July 17, 2023.
             Was a High Priest of Ignis.
             Mangled by a rakshasa (illusionary)
             ... wielding a +0 long sword
              (13 damage)
             ... on level 1 of the Abyss on July 18, 2023.
             The game lasted 00:21:37 (3084 turns).

monsoonserge the Protected (MeCA)                   Turns: 3084, Time: 00:21:38

Health: -8/79      AC: 31    Str: 20    XL:     9   Next: 71%
Magic:  12/12      EV:  7    Int: 17    God:    Ignis [*****.]
Gold:   184        SH:  0    Dex: 11    Spells: 9/11 levels left

rFire   + + .        B - +0 morningstar
rCold   . . .        (no shield)
rNeg    . . .        k - +0 plate armour {rF+}
rPois   .            r - +0 helmet
rElec   .            A - scarf of Kiteh {+Inv, Harm Int+2}
rCorr   .            c - +1 pair of gloves
SInv    .            q - +1 pair of boots
Will    +....        h - amulet of regeneration Stlth
                     z - +4 ring of protection
HPRegen 1.13/turn    (no ring)
MPRegen 0.13/turn

%: harm (+30% outgoing, +20% incoming)
@: mighty, fiery-armoured, glowing
A: sense surroundings 2, otherworldly, glowing, explore regen
a: Renounce Religion, Evoke Invisibility, Fiery Armour, Foxfire Swarm, Rising
Flame


You were on level 1 of the Abyss.
You worshipped Ignis.
Ignis was extremely pleased with you.
You visited 2 branches of the dungeon, and saw 7 of its levels.
You visited the Abyss 1 time.

You collected 328 gold pieces.
You spent 144 gold pieces at shops.

Inventory:

Hand Weapons
 B - a +0 morningstar (weapon)
Missiles
 l - 11 poisoned darts (quivered)
 x - 3 atropa-tipped darts
 y - 6 datura-tipped darts
Armour
 c - a +1 pair of gloves (worn)
 k - a +0 plate armour of fire resistance (worn)
 q - a +1 pair of boots (worn)
 r - a +0 helmet (worn)
 A - the scarf of Kiteh (worn) {+Inv, Harm Int+2}
   (You found it on level 6 of the Dungeon)

   Int:       It affects your intelligence (+2).
   Harm:      It increases damage dealt and taken.
Jewellery
 h - an amulet of regeneration (around neck)
 z - a +4 ring of protection (left hand)
Wands
 F - a wand of iceblast (8)
Scrolls
 b - a scroll of acquirement {unknown}
 g - a scroll of silence {unknown}
 i - 5 scrolls of identify {unknown}
 j - a scroll of fear {unknown}
 n - 3 scrolls of fog {unknown}
 o - a scroll of poison {unknown}
 p - 3 scrolls of magic mapping {unknown}
 t - 5 scrolls of blinking
 u - 4 scrolls of noise {unknown}
 v - 6 scrolls of teleportation
 C - a scroll of brand weapon {unknown}
 D - a scroll of enchant armour {unknown}
Potions
 a - a potion of brilliance {unknown}
 d - 4 potions of curing
 e - a potion of might
 f - a potion of berserk rage {unknown}
 m - a potion of lignification {unknown}
 s - a potion of haste {unknown}
 w - a potion of flight {unknown}
 E - 2 potions of degeneration {unknown}
 G - a potion of resistance {unknown}


   Skills:
 + Level 7.1 Fighting
 + Level 8.6 Maces & Flails
 + Level 1.0 Throwing
 + Level 9.1 Armour
 + Level 2.2 Dodging
 - Level 1.7 Spellcasting
 - Level 4.0 Fire Magic
 * Level 1.7 Evocations


You had 9 spell levels left.
You knew the following spells:

 Your Spells              Type           Power      Damage    Failure   Level
a - Scorch                Fire           30%        2d6       71%         2

Your spell library contained the following spells:

 Spells                   Type           Power      Damage    Failure   Level
 Ensorcelled Hibernation  Hex/Ice        2%         N/A       99%         2
 Spider Form              Tmut/Pois      1%         N/A       100%        3
 Vhi's Electric Charge    Tloc/Air       2%         N/A       100%        3
 Anguish                  Hex/Necr       0%         N/A       100%        4
 Cause Fear               Hex            0%         N/A       100%        4
 Arcjolt                  Conj/Air       0%         1d10      100%        5
 Plasma Beam              Fire/Air       4%         2x1d15    100%        6
 Dragon Form              Tmut           0%         N/A       100%        7
 Dragon's Call            Summ           0%         N/A       100%        9


Dungeon Overview and Level Annotations

Branches:
Dungeon (6/15) Zot: 504    Temple (1/1) D:5 Zot: 591

Altars:
Ashenzari
Dithmenos
Elyvilon
Hepliaklqana
Kikubaaqudgha
Nemelex Xobeh
Qazlal
Ru
Sif Muna
Vehumet

Shops:
D:4 (   D:5 ?=

Portals:
Abyss: D:6

Annotations:
D:6 1 transporter, boopmooplesden's ghost, novice GrGl


Innate Abilities, Weirdness & Mutations

You passively map the area around you.
You are easily found by Zot.
You glow in the dark.
You regain HP and MP as you explore.


Message History

The injured rakshasa weaves a defensive illusion!
The ufetubus closely misses you. x2
The orange demon stings you but does no damage.
The rakshasa blinks!
The rakshasa gestures at you. The lance of force hits you!
* * * LOW HITPOINT WARNING * * *
You are knocked back by the lance of force.
You slam into the rock wall!
* * * LOW HITPOINT WARNING * * *
The orange demon barely misses you. The ufetubus barely misses you.
The ufetubus hits you but does no damage.
The ufetubus is burned terribly!
The ufetubus is burned by your cloak of flames.
The ufetubus is heavily wounded.
The ynoxinul gestures.
It was a potion of curing.
You feel better.
The ufetubus disappears in a puff of smoke! x2
The ufetubus hits you but does no damage.
The ufetubus is burned terribly!
The ufetubus is burned by your cloak of flames.
You kill the ufetubus!
The ufetubus disappears in a puff of smoke!
The orange demon stings you but does no damage.
The rakshasa hits you with a +0 long sword.
* * * LOW HITPOINT WARNING * * *
The rakshasa blinks!
The orange demon stings you but does no damage.
It was a potion of might.
You feel very mighty all of a sudden.
The ufetubus hits you but does no damage.
The ufetubus is burned terribly!
The ufetubus is burned by your cloak of flames.
You kill the ufetubus!
The ufetubus disappears in a puff of smoke!
The orange demon stings you but does no damage.
The orange demon stings you from afar.
* * * LOW HITPOINT WARNING * * *
The rakshasa hits you with a +0 long sword!
You die...

. . .. ... .#
.# . ....
.#.###.## ###
.. .
#...........
...
.......#.#..
.. .... #
..#R....## ##
.######...R...
. #.#..>..## #
##.§#.# ....
#. #..§R@####
##..
######§43#....
#§5455#
#.#.#5..#
..#.5....# ...
.....##.#
##..#.###.. ..
#. #. #.# # ..
## .


You could see 3 rakshasas, 2 orange demons, a ynoxinul and 4 ufetubi.

Vanquished Creatures
  Grinder (D:4)
  A water moccasin (D:4)
  An ice beast (D:5)
  4 ogres
  2 centaurs (D:5)
  2 small abominations
  Blork the orc (D:6)
  3 scorpions
  A crimson imp (D:6)
  6 hounds
  2 orc priests
  A gnoll bouda (D:6)
  5 iguanas
  A jelly (D:5)
  A sleepcap (D:6)
  An orc wizard (D:4)
  Robin (D:3)
  4 gnolls (D:6)
  6 adders
  A white imp (D:6)
  2 ufetubi
  2 worms
  2 dart slugs (D:5)
  8 orcs
  3 ball pythons
  A bat (D:2)
  6 endoplasms
  2 giant cockroaches
  5 hobgoblins
  4 kobolds
  2 quokkas
  11 goblins
  4 rats
97 creatures vanquished.

Notes
Turn   | Place    | Note
-------+----------+-------------------------------------------
     0 | D:1      | monsoonserge the Meteoran Cinder Acolyte began the quest
                  | for the Orb.
     0 | D:1      | Reached XP level 1. HP: 19/19 MP: 3/3
   101 | D:2      | Reached XP level 2. HP: 15/26 MP: 5/5
   104 | D:2      | Learned a level 2 spell: Scorch
   184 | D:2      | Reached skill level 1 in Armour
   228 | D:2      | Reached XP level 3. HP: 32/33 MP: 3/6
   760 | D:2      | Reached XP level 4. HP: 40/40 MP: 7/7
   835 | D:2      | Found a faded altar of an unknown god.
  1062 | D:3      | Noticed Robin
  1067 | D:3      | Reached skill level 2 in Armour
  1076 | D:3      | Killed Robin
  1101 | D:3      | Found a radiant altar of Vehumet.
  1291 | D:4      | Noticed a scorpion
  1306 | D:4      | Killed a scorpion
  1307 | D:4      | Reached skill level 3 in Armour
  1307 | D:4      | Reached skill level 1 in Dodging
  1307 | D:4      | Reached XP level 5. HP: 46/47 MP: 8/8
  1314 | D:4      | Noticed Grinder
  1336 | D:4      | Paralysed by Grinder for 3 turns
  1343 | D:4      | Killed Grinder
  1344 | D:4      | Reached skill level 5 in Fighting
  1344 | D:4      | Reached skill level 1 in Throwing
  1344 | D:4      | Reached skill level 5 in Armour
  1344 | D:4      | Reached XP level 6. HP: 41/56 MP: 9/9
  1344 | D:4      | Reached XP level 7. HP: 45/61 MP: 10/10
  1780 | D:5      | Entered Level 5 of the Dungeon
  1780 | D:5      | Found Coanonub's Magic Scroll Shop.
  1783 | D:5      | Bought a scroll of blinking for 82 gold pieces
  1783 | D:5      | Bought a scroll of teleportation for 33 gold pieces
  1801 | D:5      | Reached skill level 5 in Maces & Flails
  1822 | D:5      | Noticed a water moccasin
  1855 | D:4      | Killed a water moccasin
  1856 | D:4      | Reached skill level 6 in Armour
  1877 | D:4      | Found Hudgheuxt's Weapon Emporium.
  1883 | D:4      | Bought 3 atropa-tipped darts for 29 gold pieces
  1954 | D:4      | Reached XP level 8. HP: 44/69 MP: 11/11
  2034 | D:5      | Reached skill level 7 in Armour
  2273 | D:5      | Reached skill level 8 in Armour
  2335 | D:5      | Gained mutation: You passively map the area around you.
                  | [Meteoran growth]
  2335 | D:5      | Reached XP level 9. HP: 73/75 MP: 12/12
  2369 | D:5      | Found a staircase to the Ecumenical Temple.
  2412 | Temple   | Entered the Ecumenical Temple
  2475 | D:5      | Found Itryt's Jewellery Shop.
  2498 | D:5      | Found a shimmering blue altar of Sif Muna.
  2665 | D:6      | Found a one-way gate to the infinite horrors of the Abyss.
  2665 | D:6      | Noticed boopmooplesden's ghost (novice GrGl)
  2668 | D:6      | Found a stormy altar of Qazlal.
  2678 | D:6      | Noticed Blork the orc
  2688 | D:6      | Killed Blork the orc
  2735 | D:6      | Identified the scarf of Kiteh {+Inv, Harm Int+2}
  2805 | D:6      | Reached skill level 9 in Armour
  2877 | D:6      | Reached skill level 1 in Evocations
  3003 | D:6      | Found a transporter.
  3013 | D:6      | Found a transporter.
  3040 | D:6      | Voluntarily entered the Abyss.
  3056 | Abyss:1  | Noticed a rakshasa
  3072 | Abyss:1  | Noticed an orange demon
  3082 | Abyss:1  | HP: 1/79 [rock wall collision (3)]
  3084 | Abyss:1  | Mangled by a rakshasa (illusionary)

Illustrated notes

Levels and vault maps discovered:
D:1:      lemuel_arrival_hallway, layout_basic, minmay_box_of_dots
D:2:      layout_loops_ring, shapermc_ecumenical_altar_mp_vishouse,
          minmay_crystal_room, minmay_split_cup_small
D:3:      layout_basic, mainiacjoe_overflow_alcove_2, uniq_robin
D:4:      layout_basic, serial_shops, nicolae_shop_bloodbath_and_beyond,
          uniq_grinder
D:5:      minmay_recursive_quarters, layout_cave_pools, kennysheep_little_box,
          temple_statues, serial_shops, nicolae_shop_just_a_little_nook,
          nicolae_stop_n_shop_2
D:6:      layout_gridville, nicolae_qazlal_general_emergency,
          gammafunk_ghost_abyssal_escape, uniq_blork_the_orc
Temple:   nicolae_temple_ecumenical_triangle
Abyss:1:  base:
D:3

Skill      XL: |  1  2  3  4  5  6  7  8  9 |
---------------+----------------------------+-----
Fire Magic     | 4 |  4.0
Armour         | 1 3 5 6 8 9 |  9.1
Fighting       | 4 5 6 7 |  7.1
Dodging        | 1 2 |  2.2
Throwing       | 1 |  1.0
Maces & Flails | 5 6 8 |  8.6
Evocations     | 1 |  1.7
Spellcasting   | |  1.7

Action                     |  1- 3 |  4- 6 |  7- 9 || total
---------------------------+-------+-------+-------++-------
  Melee: Mace              |    41 |    57 |   116 ||   214
         Punch             |       |     1 |     4 ||     5
         Morningstar       |       |       |   196 ||   196
  Throw: Dart              |       |       |     3 ||     3
   Cast: Scorch            |    10 |       |       ||    10
 Invoke: Fiery Armour      |       |     1 |     1 ||     2
    Use: Potion            |       |       |     2 ||     2
 Armour: Leather armour    |    12 |       |       ||    12
         Plate armour      |     3 |    72 |   354 ||   429
  Dodge: Dodged            |    17 |    15 |   145 ||   177
